 Dungeon Crawl Stone Soup version 0.29.0-4-gdea44cf6ec (webtiles) character file.

Game seed: 13744690570279590542

130 qw the Chopper (level 5, 0/30 HPs)
             Began as a Tengu Warper on Aug 29, 2022.
             Slain by an orc
             ... wielding a +0 flail
              (5 damage)
             ... on level 3 of the Dungeon.
             The game lasted 00:00:17 (3109 turns).

qw the Chopper (Tengu Warper)                       Turns: 3109, Time: 00:00:18

Health: 0/30       AC:  7    Str: 10 (13) XL:     5   Next: 13%
Magic:  9/9        EV: 10    Int: 12 (13) God:
Gold:   116        SH:  0    Dex: 14      Spells: 8/8 levels left

rFire   . . .      SeeInvis .   Y - +1 hand axe
rCold   . . .      Faith    .   (no shield)
rNeg    . . .      Spirit   .   j - +0 scale mail
rPois   .          Reflect  .   (helmet restricted)
rElec   .          Harm     .   h - +0 cloak
rCorr   .          Rampage  .   (no gloves)
Will    .....                   (boots unavailable)
Stlth   ..........              (no amulet)
HPRegen 0.10/turn               (no ring)
MPRegen 0.11/turn               (no ring)

@: flying quickly and evasively, quick
A: beak, talons 3, nimble flight
a: no special abilities


You were on level 3 of the Dungeon.
You visited 1 branch of the dungeon, and saw 3 of its levels.

You collected 116 gold pieces.


Innate Abilities, Weirdness & Mutations

You have a beak for a mouth.
You have claws for feet.
Your magical nature lets you fly swiftly and evasively.


   Skills:
 - Level 2.0 Fighting
 + Level 5.7 Axes
 - Level 1.0 Throwing
 - Level 1.1 Armour
 - Level 2.1 Dodging
 - Level 2.0 Spellcasting
 - Level 2.4 Translocations


You had 8 spell levels left.
You didn't know any spells.
Your spell library contained the following spells:

 Spells                   Type           Power      Damage    Failure   Level
 Blink                    Tloc           12%        N/A       73%         2
 Gell's Gravitas          Tloc           6%         N/A       91%         3
 Lesser Beckoning         Tloc           6%         N/A       91%         3
 Teleport Other           Tloc           6%         N/A       91%         3
 Manifold Assault         Tloc           6%         N/A       100%        5

Inventory:

Hand Weapons
 b - a +0 flail
 Y - a +1 hand axe (weapon)
Armour
 h - a +0 cloak (worn)
 j - a +0 scale mail (worn)
Scrolls
 a - 7 scrolls of identify
 d - a scroll of poison {unknown}
 e - 3 scrolls of enchant armour {unknown}
 f - a scroll of teleportation
Potions
 c - a potion of curing

Dungeon Overview and Level Annotations

Branches:
Dungeon (3/15)

Altars:
Cheibriados
Makhleb


Message History

You hit the orc wizard. Your peck misses the orc wizard.
The orc wizard is moderately wounded.
An orc comes into view. It is wielding a +0 club.
The orc wizard hits you but does no damage. x2
You hit the orc wizard but do no damage.
You claw the orc wizard.
The orc wizard is moderately wounded.
The orc wizard hits you but does no damage.
An orc comes into view. It is wielding a +0 flail.
You slash the orc wizard!
You claw the orc wizard, but do no damage.
The orc wizard is almost dead.
The orc wizard hits you but does no damage.
You hit the orc wizard.
The orc wizard is almost dead.
The orc wizard hits you with a +0 dagger.
You hit the orc wizard.
You kill the orc wizard!
You hit the orc. You hit the orc but do no damage. The orc barely misses you.
The orc hits you with a +0 mace.
You feel your dexterity returning.
You have reached level 5!
Your magical nature develops, letting you fly swiftly and evasively.
You hit the orc. Your kick misses the orc. You peck the orc.
You kill the orc!
You hit the orc. The orc misses you.
You hit the orc but do no damage. Your kick misses the orc.
The orc is moderately wounded.
You hit the orc. The orc hits you with a +0 club.
The orc hits you but does no damage.
You hit the orc. You claw the orc, but do no damage. Your peck misses the orc.
The orc is severely wounded.
You barely miss the orc. The orc misses you.
You hit the orc.
You kill the orc!
You hit the orc. You hit the orc but do no damage.
The orc hits you with a +0 mace. The orc hits you with a +0 flail.
You die...

#.## ... # ##..###.#
#.......#.# #?#........
?####.#.....#.# #
#########......o)..#.#.#
#### ........####
#..@o.....# #...
######.....# ###.....###
#.## #..##.# ##...## #.##
######...#.# #...# ####.##
#..........# #...# #......
#.####.....# #...#
####....#. .<...###.#.#
#...####......... ..##.#
#.#.######.........#.#....
..##.#
#.#..................#....


You could see 2 orcs.

Vanquished Creatures
  An orc wizard (D:3)
  2 adders (D:2)
  2 worms (D:2)
  4 dart slugs
  5 orcs
  5 ball pythons
  6 bats
  6 endoplasms
  2 giant cockroaches
  5 goblins
  5 hobgoblins
  4 jackals (D:2)
  8 kobolds
  4 quokkas
  3 frilled lizards
  3 rats
65 creatures vanquished.

Notes
Turn   | Place    | Note
-------+----------+-------------------------------------------
     0 | D:1      | qw the Tengu Warper began the quest for the Orb.
     0 | D:1      | Reached XP level 1. HP: 12/12 MP: 4/4
     0 | D:1      | 0 ||| qw: Version: 0.1-a-89-g26bdef1
     0 | D:1      | 0 ||| qw: Game counter: 3632
     0 | D:1      | 0 ||| qw: Always use a shield: true
     0 | D:1      | 0 ||| qw: God list: Okawaru
     0 | D:1      | 0 ||| qw: Allow faded altars: false
     0 | D:1      | 0 ||| qw: Do Orc after D:15 true
     0 | D:1      | 0 ||| qw: Do second Lair branch before Depths: true
     0 | D:1      | 0 ||| qw: Lair rune preference: random
     0 | D:1      | 0 ||| qw: Plans: Normal
     0 | D:1      | 0 ||| PLANNING D:1-11
   110 | D:1      | Reached XP level 2. HP: 14/17 MP: 6/6
   161 | D:1      | Reached skill level 3 in Axes
   692 | D:1      | 692 ||| Stepping ~*~*~tactically~*~*~ (stealth).
   699 | D:1      | 699 ||| Stepping ~*~*~tactically~*~*~ (stealth).
   882 | D:1      | Reached XP level 3. HP: 13/21 MP: 7/7
   995 | D:1      | 995 ||| DROPPING +0 club.
  1135 | D:1      | Found a faded altar of an unknown god.
  1214 | D:1      | 1214 ||| Stepping ~*~*~tactically~*~*~ (stealth).
  1304 | D:1      | Reached skill level 4 in Axes
  1637 | D:1      | 1637 ||| UPGRADING to +0 ring mail.
  1647 | D:1      | 1647 ||| DROPPING +0 leather armour.
  1648 | D:1      | 1648 ||| READING 3 scrolls labelled UVVIUD RACI.
  1649 | D:1      | 1649 ||| READING scroll labelled POELYZE SOED.
  1652 | D:1      | 1652 ||| READING 3 scrolls labelled ALAWALA MOOGYOR.
  1653 | D:1      | 1653 ||| READING scroll labelled FIKKAS CEKHIGE.
  1654 | D:1      | 1654 ||| DRINKING 2 inky potions.
  1655 | D:1      | 1655 ||| READING 2 scrolls of identify.
  1655 | D:1      | 1655 ||| IDENTIFYING fuming inky potion
  1656 | D:1      | 1656 ||| DROPPING scroll of blinking.
  1657 | D:1      | 1657 ||| DROPPING potion of brilliance.
  1658 | D:1      | 1658 ||| DROPPING 2 scrolls of fear.
  1699 | D:2      | 1699 ||| FLEEEEING.
  1700 | D:2      | 1700 ||| FLEEEEING.
  1701 | D:2      | 1701 ||| FLEEEEING.
  1702 | D:2      | 1702 ||| FLEEEEING.
  1703 | D:2      | 1703 ||| FLEEEEING.
  1704 | D:2      | 1704 ||| STAIRDANCE
  1820 | D:2      | 1820 ||| DROPPING +0 whip.
  1833 | D:2      | Found a burning altar of Makhleb.
  1836 | D:2      | 1836 ||| Stepping ~*~*~tactically~*~*~ (hiding).
  2048 | D:2      | 2048 ||| DROPPING +0 whip of draining.
  2067 | D:2      | 2067 ||| Stepping ~*~*~tactically~*~*~ (stealth).
  2074 | D:2      | Reached XP level 4. HP: 8/26 MP: 8/8
  2074 | D:2      | HP: 6/26 [poisoned by an adder]
  2075 | D:2      | 2075 ||| DRINKING potion of heal wounds.
  2249 | D:2      | Reached skill level 5 in Axes
  2455 | D:2      | 2455 ||| Stepping ~*~*~tactically~*~*~ (stealth).
  2618 | D:2      | 2618 ||| UPGRADING to +0 cloak.
  2623 | D:2      | 2623 ||| DROPPING scarf of harm.
  2624 | D:2      | 2624 ||| UPGRADING to +0 scale mail.
  2634 | D:2      | 2634 ||| DROPPING +0 ring mail.
  2635 | D:2      | 2635 ||| DROPPING ring of flight.
  2636 | D:2      | 2636 ||| READING scroll labelled QESIME KOULICW.
  2637 | D:2      | 2637 ||| DRINKING 2 sedimented orange potions.
  2638 | D:2      | 2638 ||| DRINKING 2 sedimented coppery potions.
  2639 | D:2      | 2639 ||| DRINKING 2 ruby potions.
  2678 | D:2      | 2678 ||| READING 6 scrolls of identify.
  2678 | D:2      | 2678 ||| IDENTIFYING grey potion
  2679 | D:2      | 2679 ||| DROPPING potion of ambrosia.
  2680 | D:2      | 2680 ||| DROPPING potion of degeneration.
  2681 | D:2      | 2681 ||| DROPPING potion of lignification.
  2728 | D:3      | 2728 ||| STAIRDANCE
  2783 | D:3      | 2783 ||| DROPPING +2 whip of flaming.
  2989 | D:3      | Found a snail-covered altar of Cheibriados.
  3106 | D:3      | Gained mutation: Your magical nature lets you fly swiftly
                  | and evasively. [Tengu growth]
  3106 | D:3      | Reached XP level 5. HP: 12/30 MP: 9/9
  3109 | D:3      | HP: 5/30 [orc/+0 mace (4)]
  3109 | D:3      | Slain by an orc

Levels and vault maps discovered:
D:1:      lemuel_arrival_behind_the_door_small, layout_loops_corners,
          chequers_ecumenical_altar_simple_redux, minmay_misc_feat_tiny,
          nicolae_figureground_sparkle
D:2:      layout_basic, basic_altar, minmay_tromino_i2
D:3:      layout_loops_cross, hangedman_ru_absence, lemuel_tele_altar

Skill      XL: |  1  2  3  4 |
---------------+-------------+-----
Axes           | 3 4 5 |  5.7
Fighting       | |  2.0
Throwing       | |  1.0
Armour         | |  1.1
Dodging        | |  2.1
Spellcasting   | |  2.0
Translocations | |  2.4

Action                   |  1- 3 |  4- 6 || total
-------------------------+-------+-------++-------
Melee: Hand axe          |   106 |    53 ||   159
       Kick              |    12 |    17 ||    29
       Peck              |    14 |     6 ||    20
       Punch             |       |     1 ||     1
Throw: Boomerang         |     7 |       ||     7
  Use: Scroll            |     5 |     2 ||     7
       Potion            |     1 |     4 ||     5
Armor: Leather armour    |    17 |       ||    17
       Ring mail         |    14 |    20 ||    34
       Scale mail        |       |     9 ||     9
Dodge: Dodged            |    53 |    35 ||    88

Table legend:
 A = Non-vault XP
 B = Vault XP
 C = Vault XP percentage of total XP
 D = Non-vault monster count
 E = Vault monster count
 F = Vault count percentage of total count
                 A         B        C        D         E       F
            +---------+---------+-------+---------+---------+-------
      Total |     186 |       3 |   1.6 |      63 |       2 |   3.1
            +---------+---------+-------+---------+---------+-------
        D:1 |      53 |       0 |   0.0 |      30 |       0 |   0.0
        D:2 |      83 |       3 |   3.5 |      25 |       2 |   7.4
        D:3 |      50 |       0 |   0.0 |       8 |       0 |   0.0
            +---------+---------+-------+---------+---------+-------
